Map: Misty Swamp

Players

Carlin

  • Race: Terran Terran
  • League: Diamond
  • Spawn Location: 3:00

Valumar

  • Race: Protoss Protoss
  • League: Platinum
  • Spawn Location: 3:00

Takand

  • Race: Zerg Zerg
  • Spawn Location: 12:00

CoolBreeze - Winner!

  • Race: Protoss Protoss
  • Spawn Location: 9:00

Metasapien - Winner!

  • Race: Zerg Zerg
  • League: Gold
  • Spawn Location: 9:00

jink - Winner!

  • Race: Zerg Zerg
  • Spawn Location: 12:00

VOD

Have the link to the VOD?

Description

Time

  • Played on: Sept. 4, 2017, 4:14 a.m.
  • Length: 24:00
Show
View Real Time Build Order
Export as new Build Order

Carlin Terran 

Build Orders: Mech 

Get SALT Encoding   

  12  0:01  SCV  
  13  0:13  SCV  
  14  0:18  Supply Depot  
  14  0:25  SCV  
  15  0:40  SCV  
  16  0:43  Barracks  
  16  0:56  SCV  
  17  0:59  Refinery x2  
  17  1:08  SCV  
  18  1:20  SCV  
  19  1:30  Marine  
  19  1:32  Orbital Command  
  20  1:40  Supply Depot  
  20  1:47  Factory  
  20  1:49  Marine  
  21  2:00  SCV  
  22  2:07  Marine  
  23  2:18  SCV  
  24  2:25  Marine  
  24  2:26  Supply Depot  
  25  2:30  SCV  
  25  2:31  Factory Tech Lab  
  25  2:33  Starport  
  26  2:42  SCV  
  27  2:45  Engineering Bay  
  27  2:54  SCV  
  27  2:56  Siege Tank  
  31  3:06  SCV  
  32  3:18  Missile Turret, SCV  
  33  3:28  Missile Turret  
  33  3:30  SCV  
  34  3:36  Siege Tank  
  37  3:42  SCV  
  37  3:46  Missile Turret  
  38  3:55  SCV  
  39  4:05  Missile Turret  
  39  4:08  Supply Depot  
  39  4:27  Factory  
  39  4:29  Siege Tank, SCV  
  43  4:41  SCV  
  44  4:54  SCV, Command Center  
  45  5:06  SCV  
  45  5:07  Supply Depot  
  46  5:13  Factory Tech Lab  
  46  5:14  Factory  
  46  5:24  Armory  
  46  5:25  SCV  
  47  5:37  Siege Tank, SCV  
  47  5:42  Siege Tank  
  54  5:57  SCV  
  54  6:00  Factory Reactor  
  56  6:11  Supply Depot  
  56  6:12  Orbital Command  
  56  6:18  Refinery  
  55  6:21  Siege Tank  
  55  6:22  Refinery  
  55  6:23  Siege Tank  
  61  6:28  SCV  
  62  6:36  Supply Depot  
  62  6:38  Terran Vehicle Weapons Level 1  
  62  6:40  SCV  
  62  6:46  SCV  
  64  6:48  Supply Depot  
  64  6:52  SCV  
  65  6:56  Siege Tank  
  65  6:58  Siege Tank, SCV  
  72  7:04  Hellion  
  72  7:05  Hellion  
  76  7:11  Infernal Pre-Igniter  
  76  7:17  SCV x2  
  76  7:21  Supply Depot  
  78  7:22  Supply Depot  
  78  7:29  Siege Tank  
  81  7:34  Hellion x2  
  85  8:04  Siege Tank, Hellion x2  
  92  8:08  Command Center  
  92  8:15  Siege Tank  
  95  8:25  Hellion  
  95  8:26  Hellion  
  100  8:27  SCV x2  
  101  8:37  Hellbat, Terran Vehicle Weapons Level 2  
  101  8:39  SCV  
  104  8:43  Supply Depot x2  
  104  8:44  Supply Depot  
  104  8:47  Siege Tank, Hellbat  
  109  8:49  Supply Depot  
  109  8:58  Siege Tank, Missile Turret  
  109  9:01  SCV  
  113  9:04  Refinery  
  113  9:07  Supply Depot  
  113  9:16  Hellbat  
  115  9:17  Hellbat  
  115  9:20  Siege Tank  
  115  9:23  Orbital Command  
  120  9:30  Siege Tank  
  123  9:31  Missile Turret  
  123  9:34  Refinery  
  123  9:52  Siege Tank  
  128  9:53  Hellbat x2  
  130  10:02  Siege Tank  
  133  10:12  Supply Depot  
  135  10:14  Hellion x2  
  137  10:24  Siege Tank  
  133  10:34  Siege Tank  
  114  10:41  Hellion x2  
  115  10:53  Terran Vehicle And Ship Armor Level 1  
  115  10:56  Siege Tank  
  112  11:02  Hellion  
  112  11:03  Hellion  
  113  11:06  Siege Tank  
  116  11:20  SCV x3  
  116  11:21  Factory  
  116  11:24  Hellbat x2, Factory x2  
  123  11:28  Siege Tank  
  123  11:32  SCV x3  
  129  11:44  SCV  
  130  11:49  Siege Tank  
  130  11:50  Hellion  
  130  11:51  Hellion  
  137  12:00  Siege Tank  
  136  12:16  Hellion x2  
  136  12:21  Siege Tank  
  143  12:23  Factory Tech Lab x3  
  143  12:26  SCV x2  
  143  12:27  SCV  
  132  12:32  Siege Tank  
  127  12:37  Hellion  
  127  12:44  Siege Tank x3  
  132  12:47  Terran Vehicle Weapons Level 3  
  138  12:54  Siege Tank  
  132  13:00  SCV  
  132  13:01  SCV  
  134  13:08  Siege Tank  
  134  13:12  Command Center  
  137  13:16  Siege Tank  
  140  13:22  Hellion x2  
  140  13:23  Siege Tank, Hellion  
  149  13:45  Siege Tank  
  149  13:46  Siege Tank x2  
  149  13:48  Siege Tank  
  152  13:55  Siege Tank  
  155  14:05  Starport Reactor  
  151  14:28  Orbital Command  
  137  14:54  Viking  
  137  14:55  Viking  
  137  14:56  Hellbat  
  137  14:57  Siege Tank x4, Hellbat x2  
  156  15:18  Siege Tank  
  150  15:24  Viking  
  146  15:36  Thor  
  130  16:01  Command Center  
  121  16:12  Viking x2  
  121  16:13  Siege Tank  
  102  16:42  Viking  
  84  17:31  Command Center  
  84  18:18  Terran Vehicle And Ship Armor Level 2  
  84  18:26  Refinery  
  84  19:14  Orbital Command  
  84  19:45  Siege Tank x2  
  90  20:17  Thor  
  96  20:25  Siege Tank  
  96  20:28  Hellion x2  
  103  20:35  Refinery  
  103  20:57  Siege Tank  
  89  22:12  Viking x2  
  59  22:38  Siege Tank x2  
  59  22:40  Hellbat  
  59  22:41  Hellbat  
  59  22:42  Viking  
  60  23:02  Hellbat  
  57  23:10  Siege Tank x2  
Show
View Real Time Build Order
Export as new Build Order

Valumar Protoss 

Build Orders:  

Get SALT Encoding   

  12  0:01  Probe (Chrono Boost)  
  13  0:11  Probe (Chrono Boost)  
  14  0:24  Pylon  
  14  0:34  Probe (Chrono Boost)  
  15  0:44  Gateway  
  15  0:51  Probe (Chrono Boost)  
  15  0:53  Assimilator  
  16  0:58  Assimilator  
  16  1:01  Probe (Chrono Boost)  
  17  1:20  Probe (Chrono Boost)  
  18  1:32  Cybernetics Core  
  18  1:37  Pylon, Probe (Chrono Boost)  
  19  1:48  Probe (Chrono Boost)  
  20  1:58  Probe (Chrono Boost)  
  21  2:01  Gateway  
  21  2:09  Gateway, Probe (Chrono Boost)  
  21  2:11  Warp Gate  
  22  2:20  Pylon  
  22  2:25  Probe (Chrono Boost)  
  23  2:41  Mothership Core (Chrono Boost)  
  23  2:42  Stalker  
  27  2:54  Gateway  
  27  2:56  Stalker  
  29  2:59  Sentry  
  31  3:09  Probe (Chrono Boost)  
  32  3:15  Stalker  
  34  3:22  Probe (Chrono Boost)  
  35  3:36  Pylon  
  35  3:43  Nexus  
  35  3:49  Pylon  
  33  4:15  Robotics Facility  
  33  4:24  Stalker x2  
  33  4:26  Sentry  
  39  4:31  Stalker  
  39  4:34  Probe (Chrono Boost)  
  42  4:41  Pylon  
  42  4:46  Probe (Chrono Boost)  
  42  4:49  Sentry  
  42  4:52  Sentry  
  47  5:06  Probe x2 (Chrono Boost)  
  49  5:10  Observer  
  50  5:14  Stalker  
  50  5:16  Probe (Chrono Boost)  
  50  5:17  Probe (Chrono Boost)  
  54  5:27  Probe x2 (Chrono Boost)  
  54  5:28  Forge  
  56  5:36  Warp Prism  
  56  5:37  Probe (Chrono Boost)  
  56  5:42  Probe (Chrono Boost)  
  60  5:48  Stalker, Probe (Chrono Boost)  
  63  5:53  Probe (Chrono Boost)  
  63  5:56  Stalker  
  66  5:58  Probe (Chrono Boost)  
  66  6:03  Probe (Chrono Boost)  
  68  6:06  Twilight Council  
  68  6:09  Assimilator, Probe (Chrono Boost)  
  69  6:12  Protoss Ground Weapons Level 1 (Chrono Boost)  
  69  6:16  Assimilator, Probe (Chrono Boost)  
  70  6:45  Pylon  
  70  6:47  Pylon  
  70  6:49  Pylon  
  70  6:52  Charge  
  70  7:02  Probe  
  70  7:03  Probe  
  70  7:04  Observer  
  70  7:07  Stalker  
  70  7:08  Stalker  
  77  7:11  Nexus  
  77  7:13  Pylon  
  77  7:14  Pylon  
  77  7:17  Pylon  
  77  7:32  Observer  
  78  7:46  Stalker x4  
  86  7:57  Observer  
  83  8:18  Warp Prism (Chrono Boost)  
  83  8:25  Stalker x4  
  91  8:38  Gateway  
  91  8:41  Gateway  
  91  8:48  Gateway  
  91  8:53  Immortal (Chrono Boost)  
  87  9:05  Protoss Ground Weapons Level 2  
  87  9:14  Stalker x3  
  87  9:15  Stalker  
  95  9:20  Forge  
  95  9:23  Probe x2  
  97  9:27  Blink  
  90  10:01  Stalker x2  
  90  10:02  Stalker x5  
  102  10:08  Warp Prism (Chrono Boost)  
  102  10:09  Probe  
  102  10:10  Probe  
  100  10:32  Zealot x7  
  102  10:53  Immortal (Chrono Boost)  
  102  10:54  Zealot x6  
  102  10:55  Zealot  
  104  11:15  Zealot x7  
  118  11:22  Templar Archives, Protoss Ground Armor Level 1 (Chrono Boost)  
  118  11:23  Protoss Ground Weapons Level 3 (Chrono Boost)  
  118  11:25  Probe  
  118  11:26  Probe  
  118  11:28  Assimilator  
  118  11:32  Assimilator  
  116  11:49  Stalker  
  116  11:50  Stalker x5  
  110  12:22  Stalker  
  112  12:23  Stalker x6  
  102  12:55  Zealot x4  
  102  12:56  Zealot x3  
  102  12:57  Immortal  
  116  13:00  Probe  
  116  13:01  Probe  
  116  13:02  Probe  
  119  13:07  Stargate  
  119  13:08  Stargate  
  119  13:10  Stargate  
  113  13:24  Zealot x4  
  113  13:25  Zealot  
  119  13:36  Observer  
  98  13:55  Void Ray x2 (Chrono Boost)  
  106  13:56  Void Ray (Chrono Boost)  
  84  14:30  Nexus  
  82  14:38  Void Ray x2 (Chrono Boost)  
  90  14:42  Void Ray (Chrono Boost)  
  73  15:15  Void Ray x2 (Chrono Boost)  
  73  15:19  Void Ray (Chrono Boost)  
  81  15:30  Stalker x7  
  73  15:59  Zealot x7  
  79  16:14  Void Ray x2 (Chrono Boost)  
  77  16:30  Stalker x4  
  77  16:31  Stalker  
  65  17:21  Zealot x3  
  65  17:22  Zealot x4  
  65  18:29  Nexus  
  65  18:46  Pylon  
  65  18:49  Pylon  
  65  19:01  Nexus  
  65  19:19  Zealot  
  65  19:20  Zealot x4  
  65  19:21  Zealot  
  65  19:49  Assimilator  
  65  20:01  High Templar x7  
  65  20:05  Archon x3  
  79  20:17  Pylon  
  79  20:35  High Templar  
  79  20:36  High Templar x5  
  79  20:40  Archon x3  
  91  20:51  Void Ray (Chrono Boost)  
  93  21:12  High Templar x5  
  93  21:16  Archon x2  
  93  21:17  Archon  
  87  21:45  High Templar x2  
  87  21:46  High Templar x4  
  85  21:50  Archon  
  85  21:51  Archon x2  
  83  22:19  Void Ray (Chrono Boost)  
  83  22:43  Probe  
  67  23:02  Zealot x5  
  58  23:23  Void Ray (Chrono Boost)  
  58  23:30  High Templar x2  
  60  23:34  Archon  
Show
View Real Time Build Order
Export as new Build Order

Takand Zerg 

Build Orders: Pool First 

Get SALT Encoding   

  12  0:08  Overlord  
  12  0:13  Drone  
  13  0:19  Drone  
  14  0:28  Drone  
  15  0:39  Drone  
  16  0:47  Spawning Pool  
  15  0:59  Drone  
  15  1:02  Extractor  
  15  1:05  Extractor, Drone x2  
  16  1:15  Drone  
  17  1:35  Queen  
  17  1:38  Drone x2  
  21  1:46  Drone  
  22  1:49  Metabolic Boost  
  22  2:19  Lair  
  22  2:25  Overlord  
  22  2:27  Overlord  
  22  2:41  Roach Warren  
  21  2:46  Zergling x10  
  26  2:55  Drone  
  27  3:11  Drone  
  28  3:28  Glial Reconstitution, Hydralisk Den  
  28  3:33  Drone x2  
  29  3:35  Zergling x4  
  29  3:37  Overseer  
  29  3:39  Overseer  
  31  3:47  Overseer  
  31  4:02  Drone  
  32  4:03  Hydralisk x3  
  38  4:30  Hatchery  
  37  4:39  Muscular Augments  
  37  4:41  Overlord  
  37  4:43  Overlord  
  37  5:09  Hydralisk  
  37  5:10  Hydralisk x3  
  45  5:16  Overlord  
  45  5:34  Hydralisk x2  
  49  5:44  Drone x2  
  49  5:45  Drone x2  
  53  6:01  Roach x2  
  57  6:06  Drone x3  
  60  6:11  Overlord  
  60  6:29  Queen  
  60  6:31  Overlord  
  62  6:33  Drone x3  
  65  6:40  Extractor  
  65  6:41  Extractor, Drone x3  
  65  6:42  Drone  
  67  7:00  Lurker Den  
  67  7:06  Drone  
  67  7:07  Drone x3  
  71  7:11  Hatchery  
  70  7:34  Infestation Pit  
  69  7:37  Evolution Chamber  
  69  7:38  Evolution Chamber  
  65  8:00  Roach x2  
  65  8:01  Overlord x2, Roach x3  
  65  8:02  Overlord x3  
  69  8:26  Hydralisk  
  69  8:27  Hydralisk x4  
  68  8:40  Hydralisk x5  
  78  8:49  Drone  
  78  8:50  Drone x3  
  82  8:59  Hydralisk  
  84  9:04  Hive  
  84  9:15  Drone x2  
  84  9:16  Drone x4  
  90  9:27  Drone x2  
  92  9:42  Hydralisk x7  
  106  9:49  Overlord x2  
  106  9:59  Roach x5  
  118  10:00  Roach  
  118  10:09  Zergling x2  
  118  10:10  Zergling x2  
  118  10:14  Queen  
  122  10:21  Extractor  
  122  10:23  Extractor  
  120  10:48  Ultralisk Cavern  
  120  10:49  Zerg Melee Weapons Level 1, Zerg Ground Armor Level 1  
  103  10:55  Zergling x2  
  103  10:56  Zergling x22  
  89  11:07  Zergling x10  
  85  11:18  Overseer  
  79  11:22  Roach  
  79  11:23  Roach x5  
  91  11:32  Drone x3  
  94  11:39  Drone  
  95  11:49  Hydralisk  
  95  11:50  Hydralisk x2  
  101  11:56  Chitinous Plating  
  101  12:04  Hydralisk  
  101  12:05  Hydralisk x9  
  101  12:07  Zergling x2  
  122  12:18  Adrenal Glands  
  108  13:06  Overseer x2  
  108  13:09  Ultralisk x2  
  108  13:12  Overlord x5  
  120  13:13  Overlord, Zergling x2  
  120  13:14  Zergling x2  
  120  13:18  Zerg Ground Armor Level 2  
  120  13:19  Zerg Melee Weapons Level 2  
  121  13:22  Pneumatized Carapace  
  114  14:06  Ultralisk  
  114  14:07  Ultralisk x3  
  114  14:08  Zergling x2  
  114  14:09  Zergling x26  
  152  14:49  Zergling x4  
  152  14:50  Overlord x5  
  80  15:30  Zergling x10  
  80  15:31  Zergling x10  
  90  15:45  Hydralisk  
  90  15:46  Hydralisk x2  
  96  16:03  Hydralisk  
  96  16:04  Hydralisk x7  
  96  16:07  Hydralisk x6  
  123  16:16  Hydralisk  
  114  16:29  Zerg Missile Weapons Level 1  
  114  16:31  Hydralisk x3  
  114  16:32  Hydralisk x5  
  130  16:47  Hydralisk x6  
  130  16:48  Hydralisk x2  
  146  17:06  Hydralisk x2  
  144  17:14  Hydralisk  
  138  18:09  Overseer  
  138  18:10  Overseer x2  
  56  19:21  Zergling x4  
  56  19:22  Zergling x4  
  56  19:23  Zergling x4  
  63  19:24  Zergling x4  
Show
View Real Time Build Order
Export as new Build Order

CoolBreeze Protoss - Winner!

Build Orders:  

Get SALT Encoding   

  12  0:11  Probe (Chrono Boost)  
  13  0:19  Pylon  
  13  0:21  Probe (Chrono Boost)  
  14  0:32  Probe (Chrono Boost)  
  15  0:46  Probe (Chrono Boost)  
  16  0:56  Probe (Chrono Boost)  
  17  1:07  Probe (Chrono Boost)  
  18  1:12  Nexus  
  18  1:17  Probe (Chrono Boost)  
  19  1:23  Forge  
  19  1:28  Probe (Chrono Boost)  
  20  1:38  Probe (Chrono Boost)  
  21  1:43  Pylon  
  21  1:49  Probe (Chrono Boost)  
  22  1:57  Photon Cannon  
  22  1:59  Probe (Chrono Boost)  
  23  2:06  Gateway  
  23  2:10  Probe (Chrono Boost)  
  23  2:11  Assimilator  
  24  2:21  Probe (Chrono Boost)  
  25  2:27  Photon Cannon  
  25  2:31  Probe x2 (Chrono Boost)  
  27  2:42  Probe (Chrono Boost)  
  28  2:46  Probe (Chrono Boost)  
  28  2:49  Assimilator  
  29  2:52  Probe (Chrono Boost)  
  29  2:54  Assimilator  
  29  2:57  Probe (Chrono Boost)  
  31  2:59  Cybernetics Core  
  31  3:05  Pylon  
  31  3:08  Assimilator  
  31  3:09  Probe (Chrono Boost)  
  32  3:19  Probe (Chrono Boost)  
  33  3:22  Probe (Chrono Boost)  
  34  3:30  Probe (Chrono Boost)  
  34  3:33  Probe (Chrono Boost)  
  36  3:37  Warp Gate (Chrono Boost), Gateway  
  36  3:39  Gateway  
  36  3:40  Pylon, Probe (Chrono Boost)  
  37  3:43  Probe (Chrono Boost)  
  38  3:51  Probe (Chrono Boost)  
  38  3:54  Probe (Chrono Boost)  
  40  4:01  Probe (Chrono Boost)  
  41  4:05  Mothership Core (Chrono Boost)  
  43  4:14  Nexus  
  43  4:17  Pylon  
  43  4:21  Assimilator  
  43  4:25  Assimilator  
  43  4:28  Pylon  
  43  4:38  Gateway  
  43  4:39  Gateway  
  43  4:40  Gateway  
  43  4:52  Gateway  
  43  4:53  Protoss Ground Weapons Level 1 (Chrono Boost)  
  43  4:54  Probe  
  44  5:00  Twilight Council  
  44  5:01  Forge  
  44  5:03  Forge  
  44  5:04  Photon Cannon  
  44  5:24  Probe  
  44  5:25  Probe  
  46  5:35  Probe  
  46  5:36  Probe  
  46  5:37  Blink, Protoss Ground Armor Level 1 (Chrono Boost)  
  46  5:38  Protoss Shields Level 1 (Chrono Boost)  
  48  5:42  Templar Archives  
  48  5:44  Dark Shrine  
  48  5:46  Probe  
  48  5:47  Pylon, Probe  
  50  5:57  Stalker x3  
  50  5:58  Stalker x2  
  50  5:59  Zealot  
  50  6:01  Adept  
  64  6:21  Stalker x5  
  64  6:23  High Templar  
  64  6:24  High Templar  
  78  6:48  Nexus  
  78  6:50  Assimilator  
  78  6:53  Stalker  
  80  6:55  Assimilator, High Templar x2  
  80  6:57  Pylon  
  80  7:00  Pylon  
  80  7:01  Protoss Ground Weapons Level 2 (Chrono Boost)  
  84  7:10  Dark Templar x2  
  84  7:11  Dark Templar  
  84  7:14  Dark Templar  
  92  7:25  Stalker  
  94  7:33  Stalker x2  
  98  7:38  Psionic Storm  
  98  8:02  Dark Templar x2  
  98  8:03  Dark Templar x2  
  76  8:30  Dark Templar  
  76  8:31  Dark Templar x2  
  80  8:52  Stalker x4  
  88  9:01  Robotics Facility  
  88  9:04  Robotics Facility  
  88  9:07  Robotics Facility  
  88  9:09  Pylon  
  88  9:25  Stalker x4  
  88  9:26  Stalker x3  
  98  10:03  Dark Templar x6  
  84  11:23  Stalker x6  
  96  11:29  Immortal x3  
  100  12:08  Immortal  
  100  12:09  Immortal x2  
  106  12:16  Dark Templar  
  106  12:17  Dark Templar x4  
  102  12:38  Dark Templar x2  
  104  12:48  Immortal x3  
  108  12:57  Dark Templar x2  
  74  13:18  High Templar x3  
  75  13:20  High Templar  
  75  13:24  Archon x2  
  74  14:18  Immortal x2  
  74  14:19  Immortal  
  86  14:58  Immortal x2  
  86  15:35  Immortal  
  86  15:37  Immortal x2  
  86  15:41  Protoss Ground Weapons Level 3 (Chrono Boost)  
  78  16:15  Immortal  
  82  17:12  Immortal x2  
  82  17:13  Immortal  
  94  17:40  Probe  
  95  17:51  Immortal  
  95  17:52  Immortal, Probe  
  95  17:56  Protoss Shields Level 2 (Chrono Boost)  
  104  18:04  Probe  
  105  18:09  Immortal  
  109  18:14  Protoss Ground Armor Level 2 (Chrono Boost)  
  109  18:16  Probe  
  110  18:29  Probe  
  111  18:37  Immortal  
  115  18:49  Pylon  
  115  18:52  Immortal, Pylon  
  115  18:54  Pylon  
  95  19:29  Immortal x2  
  103  19:31  Immortal  
  107  20:08  Immortal x2  
  107  20:11  Immortal  
  119  20:27  Nexus  
  119  20:30  Assimilator  
  119  20:35  Assimilator  
  119  20:48  Immortal x2  
  127  20:50  Immortal  
  127  21:27  Immortal x2  
  127  21:29  Immortal  
  139  22:06  Immortal x2  
  147  22:09  Immortal  
  63  22:42  Pylon  
  59  22:45  Immortal  
  55  23:03  Stalker x5  
  55  23:04  Stalker x2  
  69  23:07  Immortal x2  
  77  23:25  Probe  
  81  23:32  Adept x4  
  81  23:33  Adept x3  
  96  23:36  Probe  
  97  23:46  Probe  
Show
View Real Time Build Order
Export as new Build Order

Metasapien Zerg - Winner!

Build Orders: Hatch First 

Get SALT Encoding   

  12  0:04  Drone  
  13  0:12  Drone  
  14  0:17  Overlord  
  14  0:37  Drone x2  
  14  0:41  Drone  
  18  0:57  Drone  
  18  1:07  Hatchery  
  18  1:08  Extractor, Drone  
  18  1:10  Drone  
  18  1:36  Spawning Pool  
  17  1:42  Drone x3  
  20  1:51  Extractor  
  19  1:55  Drone  
  20  2:06  Overlord  
  20  2:18  Drone  
  20  2:20  Drone  
  22  2:23  Queen  
  22  2:25  Queen  
  26  2:35  Drone  
  27  2:44  Drone  
  27  2:49  Metabolic Boost  
  28  2:54  Baneling Nest  
  28  2:55  Drone x3  
  30  3:07  Drone x2  
  32  3:14  Extractor  
  32  3:16  Extractor, Drone  
  32  3:18  Drone x2  
  33  3:21  Lair  
  33  3:25  Zergling x2  
  34  3:40  Hatchery  
  33  3:51  Zergling x4  
  33  3:52  Overlord x2, Zergling x2  
  36  4:05  Overlord  
  36  4:10  Zergling x2, Queen  
  36  4:11  Zergling x4  
  36  4:12  Zergling x2  
  42  4:17  Spine Crawler  
  41  4:27  Hydralisk Den  
  41  4:30  Drone x2  
  42  4:32  Drone  
  42  4:33  Drone  
  44  4:47  Drone x3  
  47  4:54  Drone  
  47  4:56  Drone x2  
  50  5:06  Drone x2  
  50  5:07  Drone x2  
  54  5:08  Drone  
  55  5:15  Muscular Augments  
  55  5:16  Hydralisk x2  
  55  5:17  Hydralisk  
  55  5:20  Overseer  
  61  5:31  Pneumatized Carapace  
  61  5:42  Roach Warren  
  60  5:48  Evolution Chamber  
  59  5:53  Evolution Chamber  
  58  6:01  Drone x2  
  58  6:02  Drone  
  61  6:04  Drone  
  61  6:05  Drone x4  
  61  6:10  Extractor  
  61  6:11  Extractor  
  64  6:13  Overlord x4  
  64  6:14  Overlord x3  
  64  6:18  Centrifical Hooks  
  64  6:21  Baneling  
  64  6:23  Baneling x2  
  64  6:29  Hydralisk  
  64  6:32  Zerg Missile Weapons Level 1, Zerg Ground Armor Level 1  
  66  6:34  Hydralisk  
  68  6:43  Drone x4  
  68  6:44  Drone  
  68  6:45  Drone x3  
  76  7:03  Hydralisk  
  76  7:04  Hydralisk x2  
  76  7:05  Hydralisk x2  
  76  7:06  Roach x2, Zergling x2  
  91  7:17  Nydus Network  
  90  7:26  Drone x3  
  90  7:27  Drone  
  90  7:28  Hydralisk x3  
  90  7:29  Hydralisk, Roach x2  
  106  7:42  Spore Crawler  
  105  7:44  Spore Crawler, Spine Crawler  
  105  7:47  Hydralisk x4, Roach  
  105  7:48  Roach  
  115  7:55  Overseer  
  115  8:03  Overlord x4  
  115  8:11  Glial Reconstitution  
  115  8:12  Lurker Den  
  115  8:14  Burrow  
  115  8:17  Hydralisk, Roach x2  
  115  8:18  Overlord x2  
  115  8:19  Overlord  
  121  8:29  Spore Crawler  
  121  8:30  Spine Crawler  
  119  8:44  Ravager, Hatchery, Extractor  
  118  8:52  Overseer  
  118  8:57  Drone  
  118  8:58  Drone  
  118  8:59  Drone  
  118  9:01  Drone x3  
  124  9:11  Nydus Canal  
  124  9:15  Zerg Missile Weapons Level 2, Zerg Ground Armor Level 2  
  124  9:28  Hydralisk  
  124  9:29  Hydralisk x7  
  124  9:30  Hydralisk x3  
  146  9:33  Overseer  
  140  10:02  Queen  
  140  10:03  Queen  
  143  10:16  Zergling x2  
  143  10:17  Zergling x30  
  145  10:38  Ravager x2  
  145  10:40  Roach x4  
  145  10:41  Roach x6  
  103  11:05  Overlord x2, Hydralisk  
  103  11:06  Hydralisk x5  
  103  11:10  Overseer  
  113  11:18  Nydus Canal  
  103  11:33  Drone x2  
  103  11:34  Queen  
  107  11:43  Drone  
  100  11:47  Hydralisk  
  100  11:48  Hydralisk x2, Roach x2  
  100  11:49  Hydralisk x2, Roach x2  
  118  12:02  Hatchery  
  104  12:18  Ravager x6  
  60  12:45  Queen  
  60  12:46  Queen  
  60  12:49  Zergling x26  
  67  13:19  Drone x2  
  63  13:20  Spire  
  62  13:33  Queen, Drone x2  
  64  14:00  Hydralisk  
  64  14:01  Hydralisk x3  
  64  14:02  Hydralisk x3, Roach x3  
  75  14:03  Roach x2  
  76  14:14  Hydralisk  
  76  14:15  Hydralisk x2  
  78  14:22  Extractor  
  78  14:24  Extractor  
  76  14:33  Infestation Pit  
  75  14:42  Drone x2  
  77  14:53  Tunneling Claws  
  77  14:55  Extractor  
  77  14:56  Drone x2  
  77  14:58  Drone x2  
  77  14:59  Drone  
  81  15:00  Drone  
  81  15:01  Drone  
  83  15:11  Nydus Canal  
  83  15:18  Hive, Hydralisk  
  83  15:19  Hydralisk x4, Roach  
  83  15:20  Roach x3  
  101  15:43  Hatchery  
  101  15:47  Hatchery, Extractor  
  98  15:50  Corruptor x2  
  98  15:51  Extractor  
  98  15:52  Roach  
  98  15:53  Roach  
  98  15:54  Zergling x12  
  111  16:12  Hatchery  
  111  16:18  Hydralisk x2, Roach x2  
  114  16:19  Roach x2  
  122  16:28  Overseer  
  122  16:29  Overseer  
  122  16:31  Overlord x3  
  122  16:51  Drone  
  122  16:52  Drone  
  124  17:01  Overseer x2  
  124  17:05  Queen  
  124  17:06  Queen  
  128  17:11  Drone  
  128  17:12  Drone x14  
  143  17:25  Hydralisk  
  143  17:26  Hydralisk x2, Roach  
  143  17:27  Roach x2  
  153  17:37  Zerg Ground Armor Level 3  
  153  17:45  Zerg Missile Weapons Level 3  
  153  17:54  Nydus Canal  
  153  17:59  Roach x5  
  153  18:00  Roach x2  
  153  18:01  Zergling x2  
  153  18:02  Zergling x14  
  175  18:23  Nydus Canal  
  175  18:28  Hydralisk  
  175  18:29  Hydralisk, Roach x3  
  175  18:30  Roach x2, Swarm Host  
  196  18:40  Adrenal Glands  
  192  19:01  Nydus Canal  
  192  19:18  Overlord x3  
  192  19:27  Nydus Canal  
  192  20:26  Zerg Melee Weapons Level 1  
  188  21:27  Hydralisk x16  
  188  21:28  Ravager  
  188  21:29  Ravager x6  
  188  21:30  Ravager x6  
  188  21:31  Ravager x2  
  188  21:32  Ravager x2  
  198  21:33  Ravager x2  
  70  22:08  Zergling x2  
  70  22:09  Zergling x48  
  70  22:10  Zergling x56  
  70  22:13  Corruptor x2  
  70  22:14  Corruptor x6  
  70  22:15  Corruptor x2  
  142  22:35  Corruptor  
  142  22:36  Corruptor x3  
  150  22:38  Roach x8  
  150  22:42  Zergling x2  
  150  23:16  Corruptor x6  
  150  23:17  Hydralisk x3  
  150  23:18  Hydralisk x3, Roach x4  
  150  23:19  Roach x3  
  184  23:20  Zergling x4  
  184  23:21  Zergling x4  
Show
View Real Time Build Order
Export as new Build Order

jink Zerg - Winner!

Build Orders: Pool First 

Get SALT Encoding   

  12  0:03  Drone  
  13  0:13  Drone  
  14  0:21  Overlord  
  14  0:26  Extractor, Drone  
  14  0:41  Drone x2  
  16  0:49  Drone  
  17  0:58  Spawning Pool, Drone  
  17  1:21  Drone x2  
  19  1:45  Hatchery  
  18  1:48  Queen  
  18  1:50  Overlord  
  20  1:55  Zergling x2  
  20  1:58  Zergling x2  
  22  2:15  Zergling x4  
  24  2:16  Metabolic Boost  
  24  2:37  Zergling x4  
  26  2:45  Zergling x2  
  27  3:00  Extractor  
  27  3:03  Lair  
  26  3:07  Zergling x4  
  26  3:08  Zergling x4  
  30  3:17  Zergling x4  
  30  3:18  Queen  
  34  3:26  Drone  
  34  3:27  Drone  
  36  3:32  Overlord  
  36  3:33  Overlord  
  36  3:44  Overlord  
  23  4:17  Drone  
  23  4:18  Spire, Drone x2  
  23  4:21  Drone  
  26  4:26  Drone  
  26  4:27  Drone  
  28  4:34  Drone  
  29  4:46  Spore Crawler  
  29  4:51  Drone x2  
  29  4:52  Spine Crawler  
  29  4:53  Drone  
  30  5:02  Spore Crawler, Drone  
  30  5:05  Drone  
  31  5:08  Drone  
  32  5:20  Drone x2  
  32  5:21  Drone x2  
  36  5:24  Drone  
  36  5:25  Drone  
  38  5:35  Drone  
  38  5:36  Drone x2  
  38  5:41  Extractor  
  40  5:44  Extractor, Drone x2  
  40  5:45  Drone x2  
  43  5:51  Overlord  
  43  6:14  Roach Warren  
  42  6:22  Zergling x2  
  42  6:23  Zergling x10  
  48  6:33  Hydralisk Den  
  47  6:45  Mutalisk x2  
  51  6:47  Overlord  
  51  6:48  Overlord  
  51  6:54  Spine Crawler  
  50  7:05  Overlord x3, Queen  
  50  7:06  Overlord  
  52  7:16  Hydralisk x3  
  52  7:18  Overlord  
  58  7:30  Hydralisk x3  
  58  7:31  Hydralisk  
  58  7:36  Hydralisk  
  68  8:19  Drone x2  
  71  8:20  Drone  
  71  8:21  Infestation Pit  
  70  8:37  Hydralisk x4  
  70  8:38  Hydralisk x6  
  90  8:42  Muscular Augments  
  90  8:49  Hydralisk x3  
  90  9:04  Spine Crawler  
  90  9:07  Spine Crawler  
  88  9:10  Spine Crawler  
  88  9:11  Drone x3  
  90  9:29  Hive  
  90  9:41  Spine Crawler  
  65  10:42  Corruptor x4  
  47  10:43  Corruptor x2  
  47  10:47  Greater Spire  
  57  10:53  Corruptor x3  
  57  10:54  Corruptor x3  
  69  11:05  Hydralisk  
  71  11:12  Corruptor x2  
  75  11:41  Corruptor x3  
  75  11:42  Corruptor x2  
  75  11:43  Corruptor  
  87  12:02  Brood Lord x2  
  87  12:05  Overlord  
  87  12:08  Overlord  
  91  12:10  Overlord  
  91  12:12  Overlord  
  91  12:27  Overlord x2  
  91  12:35  Brood Lord x2  
  95  12:51  Brood Lord x2  
  99  13:06  Hydralisk x4  
  107  13:57  Brood Lord x2  
  107  14:00  Brood Lord  
  105  14:30  Zergling x6  
  105  14:31  Zergling x12  
  99  15:11  Corruptor x3  
  81  16:04  Corruptor x3  
  81  16:43  Corruptor x3  
  81  16:44  Corruptor  
  81  16:46  Roach  
  91  16:50  Zergling x8  
  91  16:51  Zergling x12  
  91  16:53  Queen  
  69  17:29  Queen  
  71  17:30  Hydralisk x3  
  77  17:59  Hatchery  
  74  18:18  Brood Lord x2  
  66  18:56  Hydralisk  
  66  18:57  Hydralisk  
  70  19:29  Extractor  
  69  19:32  Spine Crawler  
  69  19:35  Spore Crawler  
  69  19:36  Extractor  
  66  19:56  Corruptor  
  68  20:11  Spine Crawler  
  67  20:15  Brood Lord  
  69  20:22  Spine Crawler  
  69  20:26  Spore Crawler  
  67  20:41  Brood Lord  
  69  20:54  Corruptor  
  71  20:57  Roach  
  71  20:58  Zergling x2  
  66  21:35  Brood Lord  
  64  21:58  Corruptor x3  
  58  22:25  Corruptor x2  
  62  22:31  Zergling x4  
  62  22:32  Zergling x10  
  62  22:33  Zergling x2  
  70  22:43  Brood Lord  
Tags
 
Add a new tag
Caveats
  • Supply blocks, unpowered buildings, or Contaminate may cause inaccurate times.
  • Supply counts are checked every 10 seconds.